 Dungeon Crawl Stone Soup version 0.29.1-4-g47bece8355 (webtiles) character file.

Game seed: 12976052424800343584

16 CaptainMV the Stinger (level 2, 0/20 HPs)
             Began as a Draconian Venom Mage on Dec 7, 2022.
             Slain by a goblin
             ... wielding a +0 dagger
              (3 damage)
             ... on level 1 of the Dungeon.
             The game lasted 00:04:18 (623 turns).

CaptainMV the Stinger (Draconian Venom Mage)         Turns: 623, Time: 00:04:18

Health: 0/20       AC:  4    Str: 10    XL:     2   Next: 41%
Magic:  3/5        EV: 12    Int: 15    God:
Gold:   31         SH:  0    Dex: 11    Spells: 4/5 levels left

rFire   . . .      SeeInvis .   d - +0 dagger
rCold   . . .      Faith    .   (no shield)
rNeg    + . .      Spirit   .   (body armour unavailable)
rPois   .          Reflect  .   (helmet restricted)
rElec   .          Harm     .   (no cloak)
rCorr   .          Rampage  .   (no gloves)
Will    .....                   (no boots)
Stlth   ++........              (no amulet)
HPRegen 0.06/turn               g - ring of positive energy
MPRegen 0.09/turn               (no ring)

@: no status effects
A: AC +4, unfitting armour, cold-blooded
a: no special abilities


You were on level 1 of the Dungeon.
You visited 1 branch of the dungeon, and saw 1 of its levels.

You collected 31 gold pieces.

Inventory:

Hand Weapons
 d - a +0 dagger (weapon)
Missiles
 e - 5 atropa-tipped darts
 f - 5 boomerangs (quivered)
 j - 6 poisoned darts
Jewellery
 g - a ring of positive energy (left hand)
Scrolls
 c - 2 scrolls of identify {unknown}
 i - a scroll of fear {unknown}
Potions
 a - a potion of magic
 b - 2 potions of curing {unknown}
 h - a potion of haste {unknown}
 k - a potion of attraction {unknown}


   Skills:
 + Level 0.3 Short Blades
 + Level 1.8 Dodging
 + Level 1.8 Stealth
 + Level 2.1 Spellcasting
 + Level 1.0 Transmutations
 + Level 3.5 Poison Magic


You had 4 spell levels left.
You knew the following spells:

 Your Spells              Type           Power      Damage    Failure   Level
a - Sting                 Tmut/Pois      32%        1d4       9%          1

Your spell library contained the following spells:

 Spells                   Type           Power      Damage    Failure   Level
 Poisonous Vapours        Pois/Air       12%        N/A       16%         2
 Mephitic Cloud           Conj/Pois/Air  5%         N/A       38%         3
 Olgreb's Toxic Radiance  Pois           12%        N/A       45%         4


Dungeon Overview and Level Annotations

Branches:
Dungeon (1/15)

Altars:


Innate Abilities, Weirdness & Mutations

Your plain brown scales are hard. (AC +4)
You cannot fit into any form of body armour.
You are cold-blooded and may be slowed by cold attacks.


Message History

You kill the quokka!
The goblin hits you but does no damage. The goblin closely misses you.
You see here a quokka corpse.
You hit the goblin.
The goblin is moderately wounded.
The goblin closely misses you.
You closely miss the goblin.
The goblin is moderately wounded.
The goblin hits you but does no damage.
You closely miss the goblin.
The goblin is moderately wounded.
You closely miss the goblin.
The goblin is moderately wounded.
The goblin hits you but does no damage.
You miss the goblin.
The goblin is moderately wounded.
The goblin hits you but does no damage.
You hit the goblin.
The goblin is severely wounded.
The goblin hits you with a +0 dagger.
You closely miss the goblin.
The goblin is severely wounded.
The goblin hits you with a +0 dagger.
You closely miss the goblin.
The goblin is severely wounded.
The goblin hits you but does no damage.
The dart slug briefly extends its eye-stalks.
You barely miss the goblin.
The goblin is severely wounded.
The goblin hits you but does no damage. The dart slug launches a dart at you.
The slug dart hits you.
* * * LOW HITPOINT WARNING * * *
The goblin hits you with a +0 dagger.
* * * LOW HITPOINT WARNING * * *
You closely miss the goblin.
The goblin is severely wounded.
The goblin hits you with a +0 dagger.
You die...

# .# ## .# .#### .# ##.
....###.#....
..........# ..##....#
######### #....####
#.......# ####.###
#?.g....# #...#
#.†@....# ###.#
##..#.#.#.# #.#
#...w..... #.##
##.###.#.#.# ###
#..####..##...... ..#
##.......>.#.#.#.#
..####....#####.........
.......#### .#.#.#.#.
...##### . ..


You could see a goblin.

Vanquished Creatures
  A ball python (D:1)
  A goblin (D:1)
  A hobgoblin (D:1)
  3 jackals (D:1)
  3 quokkas (D:1)
  A bat (D:1)
  5 rats (D:1)
15 creatures vanquished.

Notes
Turn   | Place    | Note
-------+----------+-------------------------------------------
     0 | D:1      | CaptainMV the Draconian Venom Mage began the quest for the
                  | Orb.
     0 | D:1      | Reached XP level 1. HP: 14/14 MP: 3/3
   338 | D:1      | Reached XP level 2. HP: 20/20 MP: 5/5
   623 | D:1      | Slain by a goblin

Illustrated notes

Levels and vault maps discovered:
D:1:      dpeg_arrival_ratfight, layout_rooms, st_stairs_10

Action                   || total
-------------------------++-------
Melee: Unarmed           ||    12
       Dagger            ||    45
       Tailslap          ||     4
 Cast: Sting             ||     5
 Stab: Sleeping          ||     3
Armor: Skin              ||    25
Dodge: Dodged            ||    48
